 Dungeon Crawl Stone Soup version 0.28-a0-697-g47f3eba078 (webtiles) character file.

Game seed: 8070188044504088496

4277 ytrimaz the Blocker (level 10, -26/103 HPs)
             Began as a Formicid Fighter on Oct 23, 2021.
             Was a Follower of Okawaru.
             Killed from afar by a lindwurm (40 damage)
             ... with a blast of flame
             ... created by the adversity of Qazlal
             ... on level 8 of the Dungeon.
             The game lasted 00:12:11 (9367 turns).

ytrimaz the Blocker (Formicid Fighter)              Turns: 9367, Time: 00:12:11

Health: -26/103    AC: 29    Str: 24    XL:     10   Next: 57%
Magic:  10/11      EV:  2    Int:  8    God:    Okawaru [*.....]
Gold:   417        SH: 19    Dex:  8    Spells: 9/9 levels left

rFire   . . .      SeeInvis +   e - +0 demon blade (venom)
rCold   . . .      Faith    .   l - +2 tower shield
rNeg    . . .      Spirit   .   (armour currently unavailable)
rPois   +          Reflect  .   (helmet unavailable)
rElec   .          Harm     .   (cloak currently unavailable)
rCorr   .          Rampage  .   (gloves currently unavailable)
Will    +....                   (boots currently unavailable)
Stlth   ++........              (no amulet)
HPRegen 0.27/turn               m - +4 ring of protection
MPRegen 0.12/turn               (no ring)

@: tree-form, heroic
A: stationary, stasis, torment immunity, boosted hp, permanent stasis, dig
shafts and tunnels, (antennae 3), four strong arms, see invisible, clumsy 1,
frail 1, ([cold vulnerability 2]), ([heat vulnerability 2])
a: Renounce Religion, Heroism


You were on level 8 of the Dungeon.
You worshipped Okawaru.
Okawaru was aware of your devotion.
You were a tree.
You visited 2 branches of the dungeon, and saw 9 of its levels.

You collected 417 gold pieces.

Inventory:

Hand Weapons
 e - a +0 demon blade of venom (weapon)
 v - a +2 war axe of electrocution
Armour
 b - a +0 scale mail (melded)
 c - a +0 buckler
 l - a +2 tower shield (worn)
 w - a +1 pair of boots (melded)
Jewellery
 m - a +4 ring of protection (left branch)
 q - a ring of ice
Wands
 j - a wand of iceblast (5)
 t - a wand of paralysis (6)
 y - a wand of acid (5)
 z - a wand of flame (13)
Scrolls
 f - 3 scrolls of magic mapping
 r - a scroll of amnesia
Potions
 a - a potion of ambrosia {unknown}
 d - 2 potions of might
 g - 2 potions of curing
 h - a potion of magic
 i - 2 potions of lignification
 k - a potion of mutation
 o - 4 potions of flight
 p - 2 potions of cancellation {unknown}
 s - a potion of resistance {unknown}
 u - a potion of brilliance {unknown}
 x - a potion of degeneration {unknown}


   Skills:
 + Level 6.4(11.4) Fighting
 * Level 10.1(15.1) Long Blades
 - Level 3.5(8.5) Axes
 - Level 3.2(8.2) Armour
 * Level 10.9(15.9) Shields
 * Level 2.4 Invocations


You had 9 spell levels left.
You didn't know any spells.
Your spell library contained the following spells:

 Spells                   Type           Power      Damage    Failure   Level
 Apportation              Tloc           0%         N/A       41%         1
 Slow                     Hex            0%         N/A       54%         2
 Dazzling Flash           Conj/Hex       0%         N/A       78%         3
 Ozocubu's Armour         Ice            0%         N/A       78%         3
 Alistair's Intoxication  Tmut/Pois      0%         N/A       100%        5
 Silence                  Hex/Air        0%         N/A       100%        5
 Invisibility             Hex            0%         N/A       100%        6
 Ozocubu's Refrigeration  Ice            0%         4d5       100%        7


Dungeon Overview and Level Annotations

Branches:
Dungeon (8/15)             Temple (1/1) D:5            Lair (0/6) D:8

Altars:
Ashenzari
Dithmenos
Elyvilon
Fedhas
Gozag
Kikubaaqudgha
Makhleb
Nemelex Xobeh
Okawaru
Qazlal
Ru
Sif Muna
Trog
Uskayaw
Wu Jian
Xom
Yredelemnul
Zin

Shops:
D:1 [


Innate Abilities, Weirdness & Mutations

You are a tree.
Your roots penetrate the ground, keeping you stationary.
You cannot be teleported.
You are immune to unholy pain and torment.
Your maximum health is greatly increased.
Your equipment is partially melded.
You cannot be hasted, slowed, berserked, paralysed or teleported.
You can dig through walls and to a lower floor.
((You have a pair of large antennae on your head. (SInv)))
Your four strong arms can wield two-handed weapons with a shield.
You have supernaturally acute eyesight. (SInv)
You are clumsy. (Dex -2)
You are frail. (-10% HP)
[((You are very vulnerable to cold. (rC--)))]
[((You are very vulnerable to heat. (rF--)))]


Message History

* * * LOW HITPOINT WARNING * * *
You barely miss the lindwurm.
The lindwurm is severely wounded.
You block the yak's attack.
Unknown command.
You slash the lindwurm!
The lindwurm looks as sick as possible!
The lindwurm is severely wounded.
The lindwurm bites you but does no damage.
The lindwurm barely misses you. You block the lindwurm's attack.
You block the yak's attack.
Unknown command.
You slash the yak!
The yak looks as sick as possible!
The yak is heavily wounded.
You block the yak's attack. You block the lindwurm's attack.
The lindwurm claws you but does no damage. x2
The yak gores you!
* * * LOW HITPOINT WARNING * * *
Unknown command.
You slash the yak!
The yak is severely wounded.
Unknown command.
You feel better.
You kill the yak!
Okawaru accepts your kill.
The lindwurm bites you but does no damage.
You block the lindwurm's attack. The lindwurm claws you.
* * * LOW HITPOINT WARNING * * *
It was a potion of mutation.
You feel extremely strange.
You feel clumsy.
Your vision sharpens.
You feel frail.
The yak gores you but does no damage. x2; The lindwurm bites you!
* * * LOW HITPOINT WARNING * * *
The lindwurm claws you but does no damage.
You block the lindwurm's attack.
Unknown command.
You barely miss the lindwurm.
The lindwurm is almost dead.
You block the yak's attack. x2
The lindwurm breathes flames at you. The blast of flame hits you!!!
You die...

#########. #####
#......##. #...#
#.####.... #...#
#.# ###.. #...# #.#
##.
#...###.#######.
#............##.
####..†###.####..(.
#Y♣#...###.# #.
#lkY.....#.# ##
##Y....#...##
###..[#....# ## )
#..####..... .#.
.#..##...#. ...
.Y.#....#.. ..
......#.... .
..Y........#####..


You could see a lindwurm (extremely poisoned, catching breath), 3 yaks and a
basilisk.

Vanquished Creatures
  A boulder beetle (D:7)
  A slime creature (D:6)
  2 yaks (D:8)
  2 water elementals (D:7)
  3 water moccasins
  An orc warrior (D:6)
  5 black bears
  A necrophage (D:5)
  An ice beast (D:7)
  6 centaurs (D:7)
  6 kobold brigands
  3 bullfrogs
  A scorpion (D:3)
  2 wyvern skeletons (D:7)
  5 killer bees (D:6)
  A wight (D:7)
  3 howler monkeys (D:5)
  A bullfrog zombie (D:7)
  2 centaur zombies
  10 jellies
  An orc priest (D:7)
  A bullfrog skeleton (D:6)
  2 gnoll shamans
  4 hounds
  Natasha (thrice) (D:3)
  2 iguanas
  4 orc wizards
  A howler monkey zombie (D:6)
  7 gnolls
  A howler monkey skeleton (D:7)
  3 adders
  A white imp (D:6)
  3 ufetubi
  2 adder skeletons (D:4)
  A worm (D:2)
  3 dart slugs
  10 orcs
  5 ball pythons
  10 endoplasms
  4 giant cockroaches
  7 goblins
  4 hobgoblins
  4 quokkas (D:1)
  4 bats (D:1)
  3 frilled lizards
  A jackal skeleton (D:4)
  9 kobolds
  6 rats
163 creatures vanquished.

Vanquished Creatures (others)
  A sky beast (D:5)
  9 fungi
  17 plants
  8 toadstools (D:6)
35 creatures vanquished.

Grand Total: 198 creatures vanquished

Notes
Turn   | Place    | Note
-------+----------+-------------------------------------------
     0 | D:1      | ytrimaz the Formicid Fighter began the quest for the Orb.
     0 | D:1      | Reached XP level 1. HP: 18/18 MP: 1/1
   105 | D:1      | Reached XP level 2. HP: 17/24 MP: 2/2
   337 | D:1      | Found Abro Jov's Antique Armour Shoppe.
   356 | D:1      | Reached XP level 3. HP: 27/30 MP: 3/3
   886 | D:2      | Reached XP level 4. HP: 30/37 MP: 4/4
  1325 | D:2      | Found a faded altar of an unknown god.
  1473 | D:2      | Got Sif Muna's Papyrus of Execration
  1631 | D:3      | Noticed Natasha
  1639 | D:3      | Killed Natasha
  1640 | D:3      | Reached skill level 1 in Long Blades
  1812 | D:3      | Noticed Natasha
  1821 | D:3      | Killed Natasha
  1822 | D:3      | Reached XP level 5. HP: 30/43 MP: 5/5
  2293 | D:3      | Noticed Natasha
  2299 | D:3      | Killed Natasha
  2300 | D:3      | Reached XP level 6. HP: 34/49 MP: 6/6
  3539 | D:4      | Noticed a black bear
  3540 | D:4      | Noticed a black bear
  3541 | D:4      | Found a bloodstained altar of Trog.
  3556 | D:4      | Killed a black bear
  3557 | D:4      | Reached XP level 7. HP: 36/55 MP: 7/7
  3949 | D:4      | Reached skill level 5 in Long Blades
  3949 | D:4      | Reached skill level 5 in Shields
  3968 | D:5      | Entered Level 5 of the Dungeon
  4076 | D:5      | Found a staircase to the Ecumenical Temple.
  4088 | Temple   | Entered the Ecumenical Temple
  4091 | Temple   | Reached skill level 5 in Fighting
  4334 | D:2      | Prayed at the altar of an unknown god.
  4334 | D:2      | Became a worshipper of Qazlal Stormbringer
  4334 | D:2      | Reached * piety under Qazlal
  4434 | D:5      | Reached XP level 8. HP: 62/62 MP: 8/8
  5212 | D:6      | Reached XP level 9. HP: 52/68 MP: 9/9
  5248 | D:6      | Noticed a slime creature
  5270 | D:6      | Killed a slime creature
  5286 | D:6      | Reached ** piety under Qazlal
  6122 | D:6      | Found an ancient bone altar of Kikubaaqudgha.
  7309 | D:7      | Reached XP level 10. HP: 76/76 MP: 10/10
  7335 | D:7      | Found a basalt altar of Yredelemnul.
  7341 | D:7      | Found an iron altar of Okawaru.
  7421 | D:7      | Fell from the grace of Qazlal
  7421 | D:7      | Became a worshipper of Warmaster Okawaru
  7504 | D:7      | Reached skill level 1 in Invocations
  7510 | D:7      | Reached skill level 10 in Shields
  8141 | D:7      | Found a sacrificial altar of Ru.
  8331 | D:7      | Noticed a boulder beetle
  8343 | D:7      | Killed a boulder beetle
  8604 | D:7      | Noticed a four-headed hydra
  8683 | D:6      | Reached * piety under Okawaru
  9170 | D:8      | Reached skill level 10 in Long Blades
  9301 | D:8      | Found a sparkling altar of Nemelex Xobeh.
  9344 | D:8      | Found a staircase to the Lair.
  9351 | D:8      | Noticed a lindwurm
  9366 | D:8      | Gained mutation: You are clumsy. (Dex -2) [potion of
                  | mutation]
  9366 | D:8      | Gained mutation: You have supernaturally acute eyesight.
                  | (SInv) [potion of mutation]
  9366 | D:8      | Gained mutation: You are frail. (-10% HP) [potion of
                  | mutation]
  9367 | D:8      | Killed from afar by a lindwurm

Illustrated notes

Levels and vault maps discovered:
D:1:      minmay_arrival_diagonal_passages, layout_basic, serial_shops, shop
D:2:      layout_loops_ring, dreamdust_ecumenical_altar_angels_and_demons
D:3:      layout_basic, kennysheep_generic_room_10, uniq_natasha
D:4:      layout_loops_ring, trog_ov_bears_minmay
D:5:      layout_basic, temple_statues, serial_bayou_crossing
D:6:      cheibrodos_fertilizer, layout_basic, kiku_gazebo_pond_becter,
          amcnicky_mini_corridor_feature
D:7:      minmay_slanted_spiral_squares, layout_basic,
          nicolae_ru_great_annihilating_truth,
          mainiacjoe_overflow_catwalk_spiral, st_stairs_9, centaur_isle
D:8:      layout_rooms, nemelex_diamond_rough_becter,
          mainiacjoe_overflow_surrounded_room, minmay_lair_entry_grove
Temple:   nicolae_temple_x_marks_the_god

Skill      XL: |  1  2  3  4  5  6  7  8  9 10 |
---------------+-------------------------------+-----
Axes           | 3 |  3.5
Fighting       | 4 5 6 |  6.4
Long Blades    | 1 3 4 5 7 9 10 | 10.1
Shields        | 4 5 7 9 10 | 10.9
Invocations    | 2 |  2.4
Armour         | |  3.2

Action                   |  1- 3 |  4- 6 |  7- 9 | 10-12 || total
-------------------------+-------+-------+-------+-------++-------
Melee: War axe           |    75 |     8 |       |       ||    83
       Demon blade       |       |    87 |   230 |   102 ||   419
Invok: Heroism           |       |       |       |     1 ||     1
 Abil: Dig               |     1 |     1 |     7 |       ||     9
Evoke: Wand              |       |       |       |     3 ||     3
  Use: Scroll            |     3 |     7 |     5 |     2 ||    17
       Potion            |       |       |     1 |     6 ||     7
 Stab: Paralysed         |       |       |       |     1 ||     1
Armor: Scale mail        |    32 |    67 |   116 |    92 ||   307
       Skin              |       |       |       |    10 ||    10
Dodge: Dodged            |    47 |    33 |    63 |    55 ||   198
Block: Buckler           |    26 |     6 |       |       ||    32
       Tower shield      |       |    62 |   263 |   184 ||   509

Table legend: (Time is in decaauts)
 A = Elapsed time spent in this place.
 B = Non-inter-level travel time spent in this place.
 C = Inter-level travel time spent in this place.
 D = Time resting spent in this place.
 E = Time spent auto-exploring this place.
 F = Levels seen in this place.
 G = Mean time per level.
                   A        B        C        D        E       F      G
               +--------+--------+--------+--------+--------+-----+--------+
         Total |   9482 |   8982 |    500 |   2194 |   5034 |   9 | 1053.6 |
       Dungeon |   9358 |   8858 |    500 |   2194 |   4931 |   8 | 1169.8 |
        Temple |    123 |    123 |      0 |      0 |    103 |   1 |  123.0 |
               +--------+--------+--------+--------+--------+-----+--------+

Top non-repeatable levels by time:
     D:6: 2297 daAuts
     D:7: 1681 daAuts
     D:3: 1459 daAuts
     D:4: 1043 daAuts
     D:1: 863 daAuts
     D:2: 859 daAuts
     D:5: 844 daAuts
     D:8: 309 daAuts
  Temple: 123 daAuts
